 Dungeon Crawl Stone Soup version 0.24.0-1-gfbc8707122 (webtiles) character file.

Game seed: 3849326981965233152, levelgen mode: deterministic

252 Mrkan the Skirmisher (level 5, -4/47 HPs)
             Began as a Draconian Fighter on Oct 25, 2019.
             Was an Initiate of Fedhas.
             Slain by an ogre
             ... wielding a cursed -1 giant club
              (9 damage)
             ... on level 4 of the Dungeon.
             The game lasted 00:04:24 (1982 turns).

Mrkan the Skirmisher (Draconian Fighter)            Turns: 1982, Time: 00:04:24

Health: -4/47      AC:  6    Str: 19    XL:     5   Next: 89%
Magic:  6/6        EV: 10    Int:  9    God:    Fedhas [......]
Gold:   112        SH:  9    Dex: 10    Spells: 4/4 levels left

rFire    . . .     SeeInvis .   q - +2 falchion (freeze)
rCold    . . .     Gourm    .   b - +0 shield
rNeg     . . .     Faith    .   (armour unavailable)
rPois    .         Spirit   .   (helmet restricted)
rElec    .         Reflect  .   (no cloak)
rCorr    .         Harm     .   (no gloves)
MR       .....                  k - +0 pair of boots
Stlth    +.........             (no amulet)
HPRegen  0.15/turn              (no ring)
MPRegen  0.10/turn              (no ring)

@: no status effects
A: unfitting armour, cold-blooded, AC +5
a: Renounce Religion


You were on level 4 of the Dungeon.
You worshipped Fedhas.
Fedhas was noncommittal.
You were very hungry.

You visited 1 branch of the dungeon, and saw 4 of its levels.

You collected 112 gold pieces.

Inventory:

Hand Weapons
 a - a +0 long sword
 q - a +2 falchion of freezing (weapon)
Armour
 b - a +0 shield (worn)
 k - a +0 pair of boots (worn)
Jewellery
 p - a cursed ring of teleportation {unknown}
Scrolls
 e - 6 scrolls of identify
 f - 3 scrolls of amnesia {unknown}
 g - 4 scrolls of remove curse {unknown}
 h - 2 scrolls of teleportation {unknown}
 m - 2 scrolls of blinking {unknown}
 n - a scroll of magic mapping {unknown}
 o - 2 scrolls of immolation {unknown}
Potions
 c - a potion of might
 i - a potion of curing {unknown}
 j - 3 potions of heal wounds {unknown}
 l - 2 potions of degeneration {unknown}
Comestibles
 d - 5 rations


   Skills:
 + Level 4.4 Fighting
 * Level 4.3 Long Blades
 - Level 2.6 Dodging
 + Level 4.0 Shields
 + Level 2.0 Invocations


You had 4 spell levels left.
You didn't know any spells.
Your spell library was empty.

Dungeon Overview and Level Annotations

Branches:
Dungeon (4/15)
 Temple: D:4-7

Altars:
Fedhas
Xom
Zin


Innate Abilities, Weirdness & Mutations

Your plain brown scales are hard. (AC +5)
You cannot fit into any form of body armour.
You are cold-blooded and may be slowed by cold attacks.


Message History

The worm bites you!
* * * LOW HITPOINT WARNING * * *
You slash the worm! You freeze the worm.
The worm is severely wounded.
You slash the worm! You freeze the worm.
You kill the worm!
Fedhas accepts your kill.
You slash the ogre! You freeze the ogre.
The ogre is heavily wounded.
The ogre hits you with a cursed -1 giant club!
* * * LOW HITPOINT WARNING * * *
Your shield prevents you from hitting the ogre.
The ogre is heavily wounded.
You block the ogre's attack.
You closely miss the ogre.
You tail-slap the ogre, but do no damage.
The ogre is heavily wounded.
The ogre hits you with a cursed -1 giant club!
You die...
Fedhas appreciates your contribution to the ecosystem.

##..... .......## .#
?.......# .#
l........# ..#.
............# .....
.............# #...##
.............###......
.............#.†......
.............@O.......
........>....##.......
#..........## #.!....
#........# ......
##...##### ..... ##..#
..... #..## ....
##..### ....
####.....#####


You could see an ogre.

Vanquished Creatures
  An ogre (D:3)
  2 orc wizards (D:4)
  Natasha (D:4)
  A gnoll (D:1)
  An adder (D:3)
  An ooze (D:1)
  A worm (D:4)
  2 dart slugs
  2 leopard geckos
  3 orcs (D:4)
  6 bats
  4 giant cockroaches
  5 goblins
  6 hobgoblins
  2 quokkas
  A ball python (D:3)
  7 frilled lizards
  A kobold (D:2)
  A quokka skeleton (D:4)
  8 rats
  A bush (D:2)
57 creatures vanquished.

Notes
Turn   | Place    | Note
-------+----------+-------------------------------------------
     0 | D:1      | Mrkan the Draconian Fighter began the quest for the Orb.
     0 | D:1      | Reached XP level 1. HP: 19/19 MP: 1/1
    90 | D:1      | Reached XP level 2. HP: 15/26 MP: 2/2
   331 | D:1      | Reached XP level 3. HP: 19/31 MP: 3/3
   780 | D:2      | Found a blossoming altar of Fedhas.
   946 | D:2      | Became a worshipper of Fedhas Madash
  1125 | D:3      | Found a shimmering altar of Xom.
  1125 | D:3      | Noticed an angel
  1169 | D:3      | Found a glowing silver altar of Zin.
  1483 | D:3      | Reached XP level 4. HP: 40/40 MP: 4/4
  1645 | D:4      | Noticed an ogre
  1658 | D:4      | HP: 2/40 [ogre/+0 giant club (28)]
  1688 | D:3      | Killed an ogre
  1688 | D:3      | Reached skill level 1 in Invocations
  1688 | D:3      | Reached XP level 5. HP: 7/46 MP: 4/6
  1912 | D:4      | Noticed Natasha
  1920 | D:4      | Killed Natasha
  1975 | D:4      | Noticed an ogre
  1982 | D:4      | Slain by an ogre

Levels and vault maps discovered:
D:1:      lightli_arrival_isolated_outpost, layout_rooms, minmay_small_reverse_x
D:2:      layout_rooms, chequers_serial_rivers_micro_a, grunt_ministairs_8,
          fedhas_ov_isle_minmay
D:3:      layout_rooms, grunt_temple_overflow_order_and_chaos_1, first_ration,
          hangedman_decor_riveting
D:4:      layout_cave_pods, old_standard_altar, lemuel_round_altar,
          kennysheep_generic_room_5, uniq_natasha, uniq_robin

Skill      XL: |  1  2  3  4  5 |
---------------+----------------+-----
Long Blades    | 3 4 |  4.3
Fighting       | 4 |  4.4
Invocations    | 1 2 |  2.0
Shields        | 4 |  4.0
Dodging        | |  2.6

Action                   |  1- 3 |  4- 6 || total
-------------------------+-------+-------++-------
Melee: Long sword        |   207 |     8 ||   215
       Tailslap          |    29 |     6 ||    35
       Falchion          |       |    34 ||    34
  Use: Scroll            |       |     1 ||     1
       Potion            |       |     1 ||     1
 Stab: Sleeping          |     2 |       ||     2
  Eat: Chunk             |     2 |     1 ||     3
Armor: Skin              |    44 |     6 ||    50
Dodge: Dodged            |    65 |    21 ||    86
Block: Shield            |    56 |    21 ||    77
       Rpst.: Long sword |    17 |     2 ||    19
       Falchion          |       |     4 ||     4
